 Dungeon Crawl Stone Soup version 0.31-a0-750-gfe7b580527 (webtiles) character file.

Game seed: 12086965306230791388

6307 Newt the Fighter (level 10, 0/83 HPs)
             Began as a Demonspawn Gladiator on Sept 14, 2023.
             Was an Elder of Okawaru.
             Slain by a deep elf pyromancer
             ... wielding a +1 long sword of holy wrath
              (6 damage)
             ... on level 9 of the Dungeon.
             The game lasted 00:12:42 (12725 turns).

Newt the Fighter (Demonspawn Gladiator)            Turns: 12725, Time: 00:12:43

Health: 0/83       AC: 15    Str: 24    XL:     10   Next: 63%
Magic:  17/17      EV: 15    Int: 16    God:    Okawaru [****..]
Gold:   469        SH:  0    Dex: 15    Spells: 14/19 levels left

rFire   . . .        t - +3 whip (protect)
rCold   . . .        (no shield)
rNeg    . . .        x - +2 leather armour {rPois}
rPois   +            c - +1 helmet
rElec   .            p - +0 cloak
rCorr   +            (no gloves)
SInv    .            (no boots)
Will    .....        (no amulet)
Stlth   +            o - +6 ring of strength
HPRegen 0.33/turn    f - ring of resist corrosion
MPRegen 0.15/turn

%: wizardry (x1)
@: under a protective aura
A: foul stench 2, big brain 3
a: Renounce Religion, Heroism, Finesse


You were on level 9 of the Dungeon.
You worshipped Okawaru.
Okawaru was greatly pleased with you.
You visited 2 branches of the dungeon, and saw 10 of its levels.
You also visited: Sewer.

You collected 656 gold pieces.
You spent 187 gold pieces at shops.

Inventory:

Hand Weapons
 a - a +0 rapier
 s - a +1 dagger of venom
 t - a +3 whip of protection (weapon)
 A - a +0 heavy long sword
 D - a +2 whip of freezing
Missiles
 e - a javelin
 j - 20 poisoned darts
 w - 5 atropa-tipped darts
 y - 7 boomerangs
 G - a datura-tipped dart
Armour
 b - a +0 leather armour
 c - a +1 helmet (worn)
 n - a +3 plate armour of poison resistance
 p - a +0 cloak (worn)
 x - a +2 leather armour of poison resistance (worn)
 B - +0 steam dragon scales
Jewellery
 f - a ring of resist corrosion (right hand)
 l - a ring of fire
 o - a +6 ring of strength (left hand)
 v - a ring of ice
Wands
 E - a wand of mindburst (14)
Scrolls
 g - a scroll of blinking
 i - a scroll of poison
 r - a scroll of identify
 z - 2 scrolls of fog
 F - a scroll of revelation
Potions
 h - 2 potions of enlightenment
 k - 3 potions of degeneration
 m - 2 potions of attraction
 q - a potion of berserk rage
 u - 3 potions of might
 C - a potion of curing


   Skills:
 - Level 9.0 Fighting
 - Level 2.6 Short Blades
 - Level 7.0 Maces & Flails
 - Level 3.0 Throwing
 - Level 4.0 Armour
 - Level 8.0 Dodging
 + Level 5.1 Spellcasting


You had 14 spell levels left.
You knew the following spells:

 Your Spells              Type           Power      Damage    Failure   Level
a - Cigotuvi's Dreadful   Necr/Pois/Air  8%         N/A       11%         2
b - Ignite Poison         Fire/Tmut/Pois 4%         N/A       21%         3

Your spell library contained the following spells:

 Spells                   Type           Power      Damage    Failure   Level
 Lesser Beckoning         Tloc           8%         N/A       11%         2
 Gell's Gravitas          Tloc           4%         N/A       21%         3
 Inner Flame              Hex/Fire       4%         N/A       21%         3
 Teleport Other           Tloc           4%         N/A       21%         3
 Freezing Cloud           Conj/Ice/Air   2%         6-21      86%         5
 Yara's Violent Unravell  Hex/Tmut       2%         3d3       86%         5
 Enfeeble                 Hex            2%         N/A       100%        7
 Summon Forest            Summ/Tloc      Unusable   N/A       N/A         5
 Summon Mana Viper        Hex/Summ       Unusable   N/A       N/A         5
 Summon Cactus Giant      Summ           Unusable   N/A       N/A         6

Dungeon Overview and Level Annotations

Branches:
Dungeon (9/15)             Temple (1/1) D:5             Orc (0/2) D:9
  Sewer (visited)
   Lair: D:8-11

Altars:
Ashenzari
Cheibriados
Dithmenos
Fedhas
Kikubaaqudgha
Makhleb
Nemelex Xobeh
Okawaru
Ru
Sif Muna
Trog
Uskayaw
Vehumet
Wu Jian
Xom
Yredelemnul

Shops:
D:6 *=[

Annotations:
D:6 2 transporters, jejorda2's ghost, novice GnBe
D:8 1 runed translucent door, Man1s's ghost, novice HOFi


Innate Abilities, Weirdness & Mutations

You sometimes emit foul miasma when damaged in melee.
You have an absolutely massive brain. (Int +6, Wiz)


Message History

* * * LOW HITPOINT WARNING * * *
The steam dragon closely misses you. The steam dragon barely misses you.
Unknown command.
You are covered in liquid flames!
* * * LOW HITPOINT WARNING * * *
The steam dragon barely misses you. x2
Unknown command.
You hit the steam dragon.
You kill the steam dragon!
Okawaru accepts your kill.
The steam dragon scales are intact enough to wear.
The deep elf pyromancer hits you but does no damage.
Your Spellcasting skill increases to level 5!
Unknown command.
Unknown command.
Throw: 2 throwing nets
Press: ? - help, Shift-Dir - straight line, f - deep elf pyromancer
Aim: a deep elf pyromancer, wielding a +1 long sword of holy wrath (51% to hit)
You throw a throwing net.
The throwing net misses the deep elf pyromancer.
The deep elf pyromancer hits you but does no damage.
Unknown command.
Throw: throwing net
Press: ? - help, Shift-Dir - straight line, f/p - deep elf pyromancer
Aim: a deep elf pyromancer, wielding a +1 long sword of holy wrath (51% to hit)
You throw a throwing net.
The throwing net barely misses the deep elf pyromancer.
Unknown command.
You whack the deep elf pyromancer!
The deep elf pyromancer is moderately wounded.
The deep elf pyromancer barely misses you.
You hit the deep elf pyromancer.
The deep elf pyromancer is heavily wounded.
The deep elf pyromancer barely misses you.
You closely miss the deep elf pyromancer.
The deep elf pyromancer is heavily wounded.
The deep elf pyromancer hits you with a +1 long sword of holy wrath.
* * * LOW HITPOINT WARNING * * *
You convulse.
You die...

####... .........
#.....########...#
#######.............)...
#............#..........
#............#..........
#............#..........
#............#..........
####....[...!...........
#......@e.....(..###.###
..................<.....
#........#.....####.....
#...#.#..#.$...#........
#...._...#.#.#.#........
#...#.#..#.#.#.......###
#........#.#.#......##
.. . ...# >........ .
......... .


You could see a deep elf pyromancer.

Vanquished Creatures
  A boulder beetle (D:7)
  A two-headed ogre (D:7)
  Pikel (D:7)
  Maurice (D:8)
  Jeremiah (D:7)
  Maggie (D:7)
  A wraith (D:8)
  3 steam dragons
  Menkaure (D:7)
  3 water moccasins
  3 ice beasts (D:5)
  3 orc warriors
  2 black bears
  3 centaurs
  2 phantoms
  A kobold brigand (D:7)
  8 bullfrogs
  A scorpion (D:6)
  2 orc priests (D:5)
  3 hounds
  A jelly (D:6)
  2 gnoll boudas
  A sleepcap (D:5)
  6 iguanas
  9 orc wizards
  11 gnolls
  14 adders
  A river rat (D:3)
  A shadow imp (D:4)
  2 white imps
  An ufetubus (D:4)
  4 worms (D:3)
  5 dart slugs
  30 orcs
  16 ball pythons
  16 endoplasms
  10 giant cockroaches
  14 goblins
  12 hobgoblins
  4 jackals (D:1)
  7 quokkas
  6 bats
  12 frilled lizards
  6 kobolds
  9 rats
242 creatures vanquished.

Vanquished Creatures (others)
  An orc wizard (D:5)
1 creature vanquished.

Grand Total: 243 creatures vanquished

Notes
Turn   | Place    | Note
-------+----------+-------------------------------------------
     0 | D:1      | Newt the Demonspawn Gladiator began the quest for the Orb.
     0 | D:1      | Reached XP level 1. HP: 16/16 MP: 1/1
   122 | D:1      | Gained mutation: You have an unusually large brain. (Int
                  | +2) [demonic ancestry]
   122 | D:1      | Reached XP level 2. HP: 23/23 MP: 2/2
   232 | D:1      | Reached skill level 3 in Fighting
   819 | D:1      | Reached XP level 3. HP: 19/29 MP: 3/3
  1265 | D:2      | Reached skill level 4 in Fighting
  1601 | D:2      | Reached XP level 4. HP: 34/38 MP: 4/4
  2258 | D:3      | Found a glowing drain.
  2265 | Sewer    | Entered a sewer
  2285 | Sewer    | Reached skill level 5 in Fighting
  2389 | Sewer    | Reached skill level 1 in Maces & Flails
  2433 | Sewer    | Reached XP level 5. HP: 44/44 MP: 5/5
  2608 | Sewer    | Gained mutation: You may rarely emit foul miasma when
                  | damaged in melee. [demonic ancestry]
  2608 | Sewer    | Reached XP level 6. HP: 10/51 MP: 6/6
  3899 | D:3      | Found a shadowy altar of Dithmenos.
  4281 | D:4      | Reached skill level 6 in Fighting
  4384 | D:4      | Gained mutation: You have an extremely huge brain. (Int +4)
                  | [demonic ancestry]
  4384 | D:4      | Reached XP level 7. HP: 50/58 MP: 7/7
  5204 | D:4      | Reached skill level 7 in Fighting
  5536 | D:5      | Entered Level 5 of the Dungeon
  5797 | D:5      | Reached skill level 8 in Fighting
  5947 | D:5      | Gained mutation: You have an absolutely massive brain. (Int
                  | +6, Wiz) [demonic ancestry]
  5947 | D:5      | Reached XP level 8. HP: 45/69 MP: 8/8
  6067 | D:5      | Reached skill level 9 in Fighting
  6095 | D:5      | Reached skill level 1 in Armour
  6639 | D:5      | Found a staircase to the Ecumenical Temple.
  6664 | Temple   | Entered the Ecumenical Temple
  6670 | Temple   | Became a worshipper of Warmaster Okawaru
  7348 | D:6      | Found a transporter.
  7503 | D:6      | Found Soech's Jewellery Shop.
  7504 | D:6      | Found Iluqi's Assorted Antiques.
  7524 | D:6      | Bought a runed long sword for 162 gold pieces
  7524 | D:6      | Bought a scroll labelled JOVIRAIXAU for 25 gold pieces
  7657 | D:6      | Found a transporter.
  7724 | D:6      | Found an ornate altar of the Wu Jian Council.
  7727 | D:6      | Noticed jejorda2's ghost (novice GnBe)
  7891 | D:6      | Found Huelem's Armour Boutique.
  8086 | D:6      | Reached skill level 5 in Maces & Flails
  8086 | D:6      | Gained mutation: You sometimes emit foul miasma when
                  | damaged in melee. [demonic ancestry]
  8086 | D:6      | Reached XP level 9. HP: 65/76 MP: 9/9
  8341 | D:7      | Noticed Maggie
  8353 | D:7      | Killed Maggie
  8353 | D:7      | Reached * piety under Okawaru
  8442 | D:7      | Reached skill level 5 in Dodging
  8705 | D:7      | Reached ** piety under Okawaru
  8898 | D:7      | Noticed Menkaure
  8909 | D:7      | Killed Menkaure
  9477 | D:7      | Noticed Jeremiah
  9490 | D:7      | Killed Jeremiah
  9835 | D:7      | Noticed a boulder beetle
  9848 | D:7      | Noticed Pikel
  9869 | D:7      | Killed Pikel
  9944 | D:7      | Killed a boulder beetle
  9944 | D:7      | Reached *** piety under Okawaru
  9945 | D:7      | Reached XP level 10. HP: 24/83 MP: 10/10
 10505 | D:8      | Learned a level 2 spell: Cigotuvi's Dreadful Rot
 10567 | D:8      | Noticed a two-headed ogre
 10597 | D:8      | HP: 1/67 [two-headed ogre/+0 giant spiked club (11)]
 11334 | D:7      | Killed a two-headed ogre
 11335 | D:7      | Reached skill level 1 in Spellcasting
 11665 | D:8      | Found a runed translucent door.
 11668 | D:8      | Noticed Man1s's ghost (novice HOFi)
 11749 | D:8      | Reached **** piety under Okawaru
 12012 | D:8      | Noticed Maurice
 12028 | D:8      | Killed Maurice
 12215 | D:9      | Found a staircase to the Orcish Mines.
 12258 | D:8      | Received a gift from Okawaru
 12471 | D:9      | Learned a level 3 spell: Ignite Poison
 12699 | D:9      | Found a broken altar of Ashenzari.
 12702 | D:9      | Noticed a deep elf pyromancer
 12721 | D:9      | Reached skill level 5 in Spellcasting
 12725 | D:9      | Slain by a deep elf pyromancer

Illustrated notes

Levels and vault maps discovered:
D:1:      minmay_arrival_plants_in_alcoves, layout_basic
D:2:      layout_basic, minmay_hexomino_c4
D:3:      layout_basic, grunt_dithmenos_smoke_and_mirrors,
          lightli_sewer_entry_pipes, minmay_pentomino_pile
D:4:      cheibrodos_greedy_goblins, layout_layer_cave, elyvilon_altar_4,
          hangedman_decor_push, minivault_26
D:5:      layout_rooms, zin_statuary, temple_statues, serial_bayou,
          serial_bayou_lagoon_b, serial_bayou_lagoon_a, serial_bayou_shore_b,
          serial_bayou_shore_b, grunt_ministairs_15
D:6:      layout_loops_cross, nzn_wu_jian_contemplation, serial_shops,
          shop_statue, nicolae_shop_tiny_statue_garden,
          nicolae_shop_hallway_stairs, gammafunk_ghost_stat_death
D:7:      minmay_chambers_of_fours, layout_loops_corners, uniq_menkaure,
          uniq_jeremiah, uniq_pikel, uniq_maggie
D:8:      layout_gridville, hellmonk_ghost_happy_afterlife, kennysheep_doodads,
          uniq_maurice
D:9:      layout_basic, lemuel_crystal_altar, nicolae_overflow_squiral,
          orc_0_dummy
Temple:   eino_narrow_crystal_temple

Skill      XL: |  1  2  3  4  5  6  7  8  9 10 |
---------------+-------------------------------+-----
Fighting       | 3 4 5 6 8 9 |  9.0
Maces & Flails | 1 3 5 6 7 |  7.0
Throwing       | 2 3 |  3.0
Armour         | 4 |  4.0
Dodging        | 8 |  8.0
Spellcasting   | 5 |  5.1
Short Blades   | |  2.6

Action                     |  1- 3 |  4- 6 |  7- 9 | 10-12 || total
---------------------------+-------+-------+-------+-------++-------
  Melee: Rapier            |   126 |       |       |       ||   126
         Dagger            |    59 |    36 |       |       ||    95
         Punch             |     1 |     5 |    10 |     1 ||    17
         Whip              |       |   264 |   600 |   179 ||  1043
  Throw: Throwing net      |       |       |     2 |     5 ||     7
         Dart              |       |       |       |     5 ||     5
   Cast: Cigotuvi's Dreadf |       |       |       |     2 ||     2
         Ignite Poison     |       |       |       |     1 ||     1
    Use: Scroll            |       |     9 |     8 |     3 ||    20
         Potion            |       |     1 |     1 |       ||     2
   Stab: Sleeping          |       |     1 |       |     1 ||     2
         Distracted        |       |       |     1 |       ||     1
         Held in net/web   |       |       |     1 |       ||     1
 Armour: Leather armour    |   118 |   180 |   436 |   133 ||   867
         Skin              |       |    11 |       |       ||    11
  Dodge: Dodged            |   156 |   201 |   351 |   167 ||   875

Table legend: (Time is in decaauts)
 A = Elapsed time spent in this place.
 B = Non-inter-level travel time spent in this place.
 C = Inter-level travel time spent in this place.
 D = Time resting spent in this place.
 E = Time spent auto-exploring this place.
 F = Levels seen in this place.
 G = Mean time per level.
                   A        B        C        D        E       F      G
               +--------+--------+--------+--------+--------+-----+--------+
         Total |  12757 |  12530 |    227 |   3189 |   7179 |  11 | 1159.7 |
       Dungeon |  11950 |  11735 |    215 |   2836 |   6950 |   9 | 1327.8 |
        Temple |     12 |      1 |     11 |      0 |      0 |   1 |   12.0 |
         Sewer |    794 |    794 |      0 |    353 |    229 |   1 |  794.0 |
               +--------+--------+--------+--------+--------+-----+--------+

Top non-repeatable levels by time:
     D:7: 2811 daAuts
     D:4: 1549 daAuts
     D:5: 1511 daAuts
     D:3: 1450 daAuts
     D:6: 1198 daAuts
     D:1: 1095 daAuts
     D:8: 1095 daAuts
     D:2: 974 daAuts
   Sewer: 794 daAuts
     D:9: 264 daAuts
  Temple: 12 daAuts
